Map: Moebius Facility XX-1

Players

SilentGen - Winner!

  • Race: Zerg Zerg
  • Spawn Location: 11:00

Railgan - Winner!

  • Race: Zerg Zerg
  • League: Grandmaster
  • Spawn Location: 12:00

IIIIIIIIIIII

  • Race: Terran Terran
  • Spawn Location: 5:00

hose

  • Race: Zerg Zerg
  • League: Master
  • Spawn Location: 6:00

VOD

Have the link to the VOD?

Description

Time

  • Played on: March 12, 2017, 3:21 p.m.
  • Length: 18:31
Show
View Real Time Build Order
Export as new Build Order

SilentGen Zerg - Winner!

Build Orders: Hatch First 

Get SALT Encoding   

  12  0:01  Drone  
  13  0:12  Overlord  
  13  0:17  Drone  
  14  0:31  Drone x2  
  16  0:35  Drone  
  17  0:51  Drone  
  17  0:56  Hatchery  
  17  0:59  Drone  
  18  1:13  Spawning Pool  
  18  1:15  Drone  
  18  1:19  Extractor  
  18  1:23  Drone  
  18  1:31  Drone  
  19  1:44  Overlord  
  19  1:56  Drone  
  19  1:59  Queen  
  22  2:07  Drone  
  23  2:09  Extractor, Queen  
  23  2:11  Zergling x4  
  26  2:19  Metabolic Boost  
  26  2:22  Drone x2  
  29  2:34  Drone  
  29  2:35  Drone  
  30  2:51  Drone x3  
  33  3:01  Drone x2  
  33  3:03  Hatchery  
  34  3:09  Drone x2  
  36  3:15  Overlord x2  
  36  3:23  Lair  
  36  3:33  Evolution Chamber  
  35  3:36  Zergling x12  
  41  3:44  Drone  
  41  3:46  Extractor  
  41  3:48  Drone  
  42  3:59  Drone x4  
  46  4:04  Spore Crawler, Queen  
  46  4:07  Zerg Melee Weapons Level 1  
  46  4:09  Drone  
  49  4:10  Drone  
  49  4:12  Overlord  
  47  4:25  Drone  
  47  4:26  Drone x6  
  51  4:39  Drone x4  
  51  4:40  Drone  
  51  4:44  Spore Crawler  
  52  4:45  Zergling x2  
  52  4:46  Extractor, Zergling x2  
  52  4:51  Extractor  
  52  4:58  Zergling x4  
  52  4:59  Zergling x4  
  56  5:05  Burrow  
  56  5:06  Infestation Pit  
  55  5:11  Zergling x6  
  58  5:23  Zergling x14  
  65  5:30  Baneling Nest  
  65  5:33  Zergling x4  
  66  5:35  Overlord  
  66  5:36  Overlord  
  66  5:42  Pathogen Glands  
  66  5:52  Overlord x2  
  66  5:55  Drone  
  66  5:56  Drone x6  
  72  6:13  Infestor x2  
  72  6:14  Infestor  
  72  6:17  Overlord x4  
  78  6:21  Hive  
  78  6:29  Centrifical Hooks  
  78  6:36  Baneling x2  
  78  6:37  Baneling  
  78  6:40  Drone  
  78  6:41  Drone x9  
  78  6:45  Overseer  
  88  6:56  Baneling  
  88  6:57  Baneling  
  88  7:04  Baneling x7  
  88  7:05  Baneling x2, Zergling x2  
  88  7:06  Baneling x2, Zergling x16  
  97  7:18  Zergling x10  
  101  7:31  Infestor x2  
  101  7:33  Zergling x2  
  101  7:34  Zergling x2  
  101  7:36  Extractor  
  106  7:37  Extractor  
  105  7:52  Zergling x2  
  105  7:53  Zergling x8  
  110  8:05  Hatchery  
  91  8:15  Zergling x8  
  91  8:16  Zergling x14  
  88  8:37  Zergling x2  
  88  8:38  Zergling x10  
  88  8:40  Zerg Melee Weapons Level 2  
  94  8:51  Baneling x3  
  94  8:52  Baneling x5  
  94  8:55  Overlord  
  94  8:56  Overlord x4  
  94  9:00  Evolution Chamber  
  93  9:17  Zergling x2  
  93  9:18  Zergling x20  
  93  9:23  Drone x12  
  102  9:30  Overseer  
  102  9:31  Overseer x2  
  100  9:32  Pneumatized Carapace  
  100  9:34  Queen  
  100  9:45  Drone x14  
  100  9:50  Overlord x5  
  98  10:04  Zerg Ground Armor Level 1  
  93  10:08  Ultralisk Cavern  
  92  10:22  Drone x11  
  92  10:23  Drone x7  
  109  10:37  Spore Crawler  
  109  10:38  Queen  
  109  10:39  Spine Crawler  
  109  10:40  Spine Crawler  
  105  10:57  Ultralisk  
  105  10:58  Ultralisk x6  
  105  11:01  Chitinous Plating  
  147  11:05  Unknown x2  
  147  11:09  Queen  
  145  11:21  Extractor  
  145  11:23  Extractor  
  145  11:24  Ultralisk x2  
  154  11:40  Drone x5  
  154  11:41  Drone x2  
  154  11:45  Spore Crawler  
  154  11:46  Spine Crawler  
  159  11:48  Zerg Melee Weapons Level 3  
  157  12:23  Spire  
  157  12:24  Zerg Ground Armor Level 2  
  156  12:32  Ultralisk x2  
  168  12:50  Unknown  
  168  12:59  Ultralisk x3  
  170  13:31  Ultralisk x3  
  140  13:47  Unknown  
  146  13:48  Ultralisk x2  
  146  14:03  Infestor x3  
  146  14:07  Zergling x12  
  146  14:08  Zergling x8  
  162  14:24  Hatchery, Zergling x2  
  162  14:25  Zergling x8  
  166  14:33  Overlord  
  166  14:34  Overlord x2  
  166  14:48  Baneling x5  
  166  14:49  Baneling x3  
  166  14:58  Unknown  
  166  15:10  Ultralisk x3  
  184  15:36  Drone x8  
  184  15:37  Drone x6  
  192  16:30  Spore Crawler  
  192  16:32  Spine Crawler  
  189  16:33  Spine Crawler  
  189  16:34  Ultralisk  
  189  16:38  Drone x8  
  194  16:44  Ultralisk  
  199  16:53  Greater Spire  
  199  17:05  Spine Crawler  
  199  17:06  Spore Crawler  
  199  17:08  Extractor  
  196  17:09  Extractor, Drone x2  
  196  17:10  Drone x2, Spine Crawler  
  196  17:11  Spore Crawler  
  197  17:17  Baneling x3  
  197  17:18  Baneling x3  
Show
View Real Time Build Order
Export as new Build Order

Railgan Zerg - Winner!

Build Orders: Pool First, Muta Ling Bane 

Get SALT Encoding   

  12  0:02  Drone  
  13  0:13  Overlord  
  13  0:18  Drone  
  14  0:32  Drone x2  
  14  0:35  Drone  
  17  0:45  Drone  
  17  0:49  Spawning Pool  
  17  0:58  Drone  
  18  1:14  Hatchery  
  18  1:17  Extractor  
  16  1:21  Drone x2  
  18  1:31  Drone  
  19  1:40  Queen  
  19  1:41  Zergling x2  
  22  1:49  Overlord  
  22  2:10  Drone  
  22  2:13  Drone  
  24  2:16  Queen  
  24  2:22  Drone  
  27  2:26  Drone, Metabolic Boost  
  27  2:28  Queen  
  30  2:38  Drone  
  30  2:44  Drone x2  
  32  2:51  Drone x2  
  32  2:53  Overlord  
  34  3:07  Drone  
  34  3:08  Drone  
  34  3:09  Lair  
  36  3:15  Zergling x4  
  36  3:16  Zergling x2  
  39  3:24  Drone x2, Overlord  
  39  3:26  Drone  
  42  3:29  Drone  
  43  3:35  Drone  
  43  3:39  Overlord  
  43  3:40  Extractor  
  43  3:42  Extractor  
  43  3:43  Extractor  
  43  3:45  Drone x3  
  44  3:48  Drone  
  44  3:53  Drone  
  44  3:54  Overlord  
  46  3:57  Drone x2  
  47  4:10  Drone x3  
  50  4:20  Spire, Overlord  
  50  4:23  Zergling x2  
  50  4:24  Zergling x6  
  53  4:28  Drone  
  53  4:31  Drone  
  54  4:33  Drone  
  54  4:34  Overlord  
  55  4:43  Drone  
  56  4:46  Baneling Nest  
  54  4:59  Hatchery  
  53  5:02  Drone  
  53  5:03  Drone  
  53  5:05  Zergling x4  
  53  5:06  Overlord  
  56  5:35  Mutalisk x8  
  72  5:43  Drone x2, Evolution Chamber  
  72  5:45  Evolution Chamber, Centrifical Hooks  
  72  5:48  Baneling  
  72  5:49  Baneling  
  72  5:53  Zergling x2  
  72  5:54  Zergling x8  
  77  5:57  Overlord  
  77  6:03  Overlord  
  77  6:06  Drone x3  
  77  6:07  Overlord  
  77  6:11  Baneling x9  
  80  6:15  Zergling x4  
  82  6:22  Zergling x2  
  82  6:24  Baneling x6  
  83  6:25  Zergling x2  
  83  6:26  Zergling x4  
  86  6:33  Zerg Melee Weapons Level 1  
  86  6:37  Zergling x2  
  86  6:38  Zergling x4  
  89  6:41  Zergling x8  
  93  6:52  Overlord  
  93  6:53  Drone x2  
  93  6:54  Drone x4  
  99  7:07  Drone  
  99  7:08  Drone x5  
  105  7:10  Extractor  
  105  7:12  Extractor, Zerg Ground Armor Level 1  
  103  7:16  Zergling x2  
  103  7:17  Zergling x2  
  103  7:19  Zergling x2  
  103  7:22  Zergling x2  
  107  7:25  Zergling x2  
  107  7:29  Zergling x2  
  109  7:33  Zergling x4  
  109  7:34  Mutalisk x3  
  109  7:35  Mutalisk x2  
  121  7:38  Overlord  
  121  7:43  Overlord  
  121  7:44  Overlord, Zerg Flyer Weapons Level 1  
  121  7:52  Unknown  
  115  8:01  Zergling x8  
  115  8:02  Zergling x2  
  103  8:15  Zergling x6  
  103  8:16  Zergling x14  
  109  8:25  Zergling x2  
  108  8:28  Zergling x4  
  110  8:39  Mutalisk x3  
  116  8:45  Zergling x2  
  113  8:51  Mutalisk x2  
  117  8:59  Drone x7  
  117  9:00  Drone  
  117  9:01  Drone  
  125  9:06  Overlord  
  125  9:11  Zerg Melee Weapons Level 2, Overlord  
  125  9:12  Zerg Ground Armor Level 2  
  125  9:13  Baneling x3  
  125  9:14  Baneling x4, Zergling x2  
  125  9:15  Hatchery, Zergling x6  
  128  9:18  Drone  
  128  9:19  Overseer  
  128  9:24  Drone, Pneumatized Carapace  
  118  9:39  Drone  
  118  9:40  Overseer, Zergling x2  
  118  9:41  Zergling x12  
  118  9:43  Overlord  
  124  9:53  Drone x2  
  124  9:54  Zergling x2  
  124  9:55  Zergling x6  
  130  10:02  Drone  
  130  10:04  Zergling x2  
  132  10:09  Overlord  
  132  10:10  Zergling x8  
  132  10:11  Zergling x4  
  138  10:14  Overlord  
  138  10:16  Zergling x4  
  138  10:22  Mutalisk x3  
  138  10:24  Baneling  
  138  10:25  Baneling x12  
  138  10:27  Baneling  
  138  10:28  Baneling x12  
  144  10:30  Zergling x2  
  144  10:31  Zergling x4  
  147  10:36  Zergling x2  
  147  10:37  Hatchery, Zergling x6  
  150  10:43  Unknown  
  150  10:45  Zergling x2  
  121  10:52  Zergling x14  
  121  10:54  Zergling x4  
  115  10:57  Baneling x13  
  115  10:58  Baneling  
  115  10:59  Zergling x2  
  115  11:00  Zergling x2  
  117  11:04  Zergling x8  
  117  11:07  Drone  
  122  11:23  Drone x2, Zergling x2  
  122  11:24  Zergling x12  
  127  11:32  Overlord  
  127  11:34  Zergling x2  
  127  11:37  Zergling x2  
  129  11:40  Baneling x7  
  129  11:41  Baneling x3  
  129  11:42  Zergling x2  
  129  11:44  Zerg Flyer Weapons Level 2  
  129  11:46  Mutalisk  
  130  11:47  Infestation Pit, Mutalisk x3  
  130  11:51  Zergling x2  
  130  11:52  Zergling x2  
  139  11:56  Drone  
  139  11:57  Drone x2  
  134  12:11  Mutalisk x4  
  140  12:16  Zergling x2  
  140  12:17  Zergling x18  
  140  12:21  Overlord  
  146  12:29  Zergling x2  
  140  12:30  Hive  
  140  12:44  Drone x5, Spore Crawler  
  140  12:45  Drone x6  
  140  12:48  Extractor  
  149  12:52  Extractor  
  149  12:55  Drone x2  
  149  12:56  Drone x3  
  149  12:57  Drone  
  154  13:03  Unknown  
  122  13:19  Zergling x28  
  114  13:23  Zergling x2  
  114  13:26  Corruptor x3  
  119  13:30  Corruptor  
  123  13:35  Zergling x2  
  123  13:36  Zergling x8  
  123  13:41  Corruptor  
  128  13:42  Zergling x4  
  132  13:55  Drone x4  
  131  13:56  Zergling x2  
  131  13:57  Zergling x8  
  131  14:01  Zergling x6  
  140  14:02  Baneling  
  140  14:03  Baneling x9  
  140  14:08  Zergling x2  
  140  14:09  Zergling x2  
  133  14:19  Zergling x6  
  133  14:20  Zergling x2  
  133  14:29  Zergling x4  
  134  14:32  Corruptor  
  134  14:35  Greater Spire  
  136  14:40  Zerg Ground Armor Level 3, Zerg Melee Weapons Level 3  
  136  14:41  Zergling x2  
  136  14:42  Zergling x8  
  136  14:45  Zergling x4  
  143  14:47  Unknown x2  
  143  14:55  Drone  
  143  14:58  Zergling x4  
  146  15:03  Baneling  
  146  15:04  Baneling  
  146  15:05  Baneling x5  
  146  15:06  Zergling x16  
  153  15:30  Zergling x2  
  153  15:34  Corruptor x4  
  153  15:35  Zergling x2  
  163  15:36  Zergling x2  
  163  15:37  Zergling x10  
  168  15:51  Corruptor x3, Brood Lord x6  
  186  16:06  Unknown  
  186  16:08  Zergling x2  
  186  16:09  Zergling x2  
  185  16:21  Hatchery  
  185  16:22  Corruptor  
  180  16:25  Corruptor  
  180  16:28  Brood Lord x5  
  180  16:29  Brood Lord x2  
  196  16:41  Extractor x2  
  196  16:45  Corruptor  
  196  16:46  Corruptor  
  198  16:47  Overseer x3  
  198  17:00  Hatchery  
  179  17:10  Spine Crawler  
  179  17:13  Spine Crawler  
  179  17:14  Extractor  
  141  17:16  Extractor  
  141  17:20  Zergling x18  
  138  17:27  Zergling x14  
  137  17:46  Corruptor  
  137  17:49  Baneling x4  
  126  17:54  Brood Lord  
  126  17:56  Zergling x8  
  126  17:57  Zergling x14  
  137  18:04  Overseer  
Show
View Real Time Build Order
Export as new Build Order

IIIIIIIIIIII Terran 

Build Orders: MMM Bio 

Get SALT Encoding   

  12  0:02  SCV  
  13  0:15  SCV  
  13  0:18  Supply Depot  
  14  0:27  SCV  
  15  0:40  SCV  
  16  0:45  Barracks  
  16  0:47  Refinery  
  16  0:52  SCV  
  17  1:04  SCV  
  18  1:16  SCV  
  20  1:32  Reaper  
  20  1:33  Orbital Command  
  20  1:43  Command Center  
  20  1:58  SCV  
  21  2:01  Barracks  
  21  2:07  Supply Depot  
  21  2:10  Refinery  
  21  2:13  SCV  
  22  2:20  Barracks Reactor  
  22  2:25  SCV  
  23  2:35  Factory  
  23  2:37  SCV  
  24  2:49  SCV  
  25  2:51  Barracks Tech Lab  
  25  2:57  Orbital Command  
  25  3:01  SCV  
  25  3:02  Marine x2  
  28  3:11  Marine  
  28  3:12  Stimpack  
  29  3:14  SCV  
  30  3:21  Marine x2  
  30  3:24  SCV  
  30  3:26  SCV  
  34  3:27  Factory Reactor  
  34  3:28  Starport  
  34  3:31  Marine  
  35  3:36  SCV  
  35  3:38  SCV  
  35  3:39  Marine  
  38  3:42  Marine  
  38  3:46  Supply Depot  
  38  3:48  Marine, SCV  
  40  3:50  SCV  
  41  3:57  Marine  
  41  4:00  Supply Depot, SCV  
  41  4:01  Marine  
  41  4:02  SCV  
  45  4:06  Marine  
  46  4:12  SCV  
  46  4:13  Factory Tech Lab  
  46  4:14  SCV  
  48  4:18  Marine  
  49  4:24  SCV  
  49  4:26  SCV  
  50  4:32  Marine x2  
  50  4:35  Medivac x2, Siege Tank  
  50  4:36  SCV  
  60  4:43  SCV  
  60  4:45  Refinery  
  61  4:46  Refinery  
  61  4:48  SCV  
  61  4:49  Supply Depot  
  62  5:02  Supply Depot  
  62  5:04  Supply Depot  
  62  5:05  Marine x3, SCV x2  
  67  5:14  Siege Tank, Medivac  
  70  5:17  SCV  
  70  5:18  SCV  
  74  5:23  Marine x2  
  74  5:28  Combat Shields  
  76  5:30  SCV  
  76  5:31  SCV  
  78  5:37  Marine  
  78  5:39  Engineering Bay x2  
  78  5:41  Medivac, Marine  
  78  5:42  SCV  
  83  5:45  Supply Depot, SCV  
  83  5:48  Marine  
  85  5:55  Marine  
  85  5:56  SCV  
  87  5:57  SCV  
  88  6:08  SCV  
  88  6:09  SCV  
  88  6:11  Marine, Terran Infantry Armor Level 1, Terran Infantry Weapons Level 1, Command Center  
  90  6:16  Missile Turret x2  
  91  6:20  Siege Tank  
  94  6:31  Marine x2  
  94  6:32  Marine, Barracks  
  97  6:36  Barracks  
  97  6:43  Missile Turret  
  97  6:44  Missile Turret  
  94  6:51  SCV x2  
  95  6:57  Marine x2  
  95  6:59  Missile Turret  
  97  7:02  Missile Turret  
  97  7:03  Marine, SCV  
  97  7:06  SCV  
  100  7:10  Missile Turret  
  100  7:15  Missile Turret, Marine, SCV  
  101  7:22  Missile Turret, Barracks Reactor  
  102  7:24  Barracks Reactor  
  102  7:25  Armory  
  102  7:32  Barracks  
  102  7:34  Barracks, Supply Depot  
  102  7:40  Marine x2, SCV x2, Siege Tank  
  109  7:44  Marine  
  109  7:50  Orbital Command  
  110  7:52  Factory, SCV  
  110  7:54  Factory  
  110  7:58  Marine  
  71  8:13  Marine x6  
  71  8:15  Marine  
  64  8:28  SCV x2  
  64  8:30  Marine  
  64  8:31  Marine x5  
  64  8:33  Marine  
  72  8:38  Marine  
  72  8:39  Marine  
  74  8:43  SCV  
  68  8:48  Marine  
  68  8:49  Marine x5  
  68  8:51  Marine, Factory Tech Lab  
  74  8:56  Marine  
  74  8:59  Marine  
  76  9:03  SCV  
  76  9:06  Marine  
  76  9:07  Marine x2  
  80  9:10  SCV x2  
  80  9:12  Factory Tech Lab  
  82  9:18  Thor  
  82  9:20  Marine  
  82  9:21  Marine x2  
  82  9:22  SCV  
  93  9:29  Terran Infantry Weapons Level 2, Terran Infantry Armor Level 2  
  94  9:31  SCV  
  94  9:33  Marine  
  94  9:35  Barracks Reactor x2  
  94  9:39  Thor  
  94  9:41  Marine x3  
  103  9:50  Marine, Refinery  
  103  9:51  Marine x3  
  103  9:52  Refinery  
  107  9:57  Thor  
  107  9:59  Marine x3  
  116  10:03  Supply Depot  
  116  10:07  Thor  
  116  10:08  Marine x2  
  116  10:12  Supply Depot  
  116  10:13  Marine  
  125  10:20  Supply Depot  
  125  10:25  Marine x4, SCV x2  
  131  10:33  Missile Turret, Thor  
  131  10:34  Missile Turret x2  
  137  10:39  Medivac x2  
  116  10:51  Marine  
  116  10:52  Marine x7  
  119  10:59  Thor  
  125  11:04  Terran Vehicle And Ship Armor Level 1  
  125  11:23  Thor  
  125  11:25  Marine  
  130  11:26  Marine x3  
  130  11:31  Command Center  
  134  11:33  Marine x5  
  139  11:40  Supply Depot  
  139  11:48  Thor  
  139  11:53  Marine x6  
  139  11:54  Marine  
  152  11:56  Marine  
  152  11:57  Marine  
  151  12:07  Marine  
  151  12:08  Marine  
  134  12:10  Marine  
  134  12:11  Marine  
  121  12:16  Marine x2  
  121  12:20  SCV  
  121  12:27  Missile Turret  
  121  12:28  Marine  
  121  12:29  Marine  
  123  12:35  Missile Turret  
  123  12:37  Missile Turret  
  123  12:41  Thor  
  123  12:43  Marine x5  
  133  12:45  Marine x2  
  133  12:49  Marine  
  133  12:50  Marine x2  
  138  12:59  Thor  
  138  13:03  Marine  
  138  13:04  Marine x3  
  116  13:16  Marine  
  116  13:17  Marine x6  
  99  13:21  Marine x2  
  101  13:37  Thor  
  101  13:38  Marine, Thor  
  104  14:08  Marine  
  104  14:09  Marine x10  
  107  14:43  Thor x2  
  119  14:55  Medivac x2  
  119  14:58  Marine  
  124  15:24  Thor  
  124  15:27  Marine  
  131  15:46  Marine  
  131  15:47  Marine x2  
  134  15:54  Terran Vehicle Weapons Level 1  
  134  15:56  Marine  
  134  15:57  Marine  
  135  16:03  Marine  
  137  16:09  Marine  
  137  16:10  Marine  
  139  16:14  Command Center  
  145  16:45  Thor  
  144  16:48  Marine x4  
  148  16:59  Marine x2  
  145  17:09  Marine  
  145  17:10  Marine  
  145  17:13  Marine  
  121  17:20  Marine x2  
  116  17:30  Marine  
  97  17:38  Marine  
  89  17:53  Marine  
  79  18:03  Marine  
Show
View Real Time Build Order
Export as new Build Order

hose Zerg 

Build Orders: Pool First 

Get SALT Encoding   

  12  0:00  Drone  
  13  0:09  Drone  
  14  0:27  Spawning Pool  
  13  0:29  Drone  
  14  0:37  Overlord  
  14  0:43  Extractor, Drone  
  15  0:56  Drone  
  16  1:13  Queen  
  16  1:14  Zergling x4  
  16  1:15  Zergling x2  
  21  1:26  Drone  
  22  1:34  Hatchery  
  21  1:41  Drone  
  22  1:49  Overlord  
  22  1:55  Extractor  
  22  1:57  Extractor, Queen  
  23  2:07  Drone  
  24  2:09  Drone  
  25  2:20  Drone  
  26  2:24  Drone x2  
  26  2:25  Drone  
  29  2:37  Drone  
  29  2:45  Queen  
  29  2:48  Drone  
  29  2:49  Drone  
  32  2:57  Overlord, Queen  
  34  3:01  Drone  
  34  3:03  Metabolic Boost  
  35  3:11  Evolution Chamber  
  34  3:14  Overlord  
  34  3:19  Drone  
  35  3:31  Overlord  
  35  3:33  Drone x6  
  41  3:41  Zerg Missile Weapons Level 1  
  41  3:42  Drone x2  
  43  3:48  Queen  
  43  3:52  Overlord  
  45  3:57  Drone x3  
  45  3:58  Drone  
  49  4:06  Zergling x2  
  49  4:07  Zergling x2  
  51  4:20  Drone x5  
  51  4:23  Lair  
  56  4:24  Extractor  
  56  4:26  Extractor x2  
  56  4:30  Zergling x6  
  56  4:40  Drone x2  
  56  4:42  Queen  
  58  4:47  Drone  
  59  4:53  Roach Warren  
  59  4:54  Drone  
  59  4:55  Overlord x2  
  59  5:09  Overlord x2  
  59  5:10  Overlord  
  59  5:24  Drone  
  59  5:28  Overlord x2  
  60  5:32  Glial Reconstitution  
  60  5:35  Zerg Missile Weapons Level 2  
  60  5:38  Roach x5  
  60  5:39  Roach  
  72  5:49  Roach  
  74  5:54  Roach x4  
  74  5:55  Roach  
  84  5:58  Drone  
  85  6:11  Roach  
  85  6:12  Roach x3  
  93  6:21  Drone x2, Spore Crawler  
  93  6:23  Spore Crawler  
  93  6:24  Spore Crawler  
  93  6:25  Drone x2  
  94  6:26  Spore Crawler  
  94  6:31  Pneumatized Carapace  
  93  6:43  Drone x2  
  93  6:44  Drone  
  93  6:45  Hatchery  
  95  6:49  Infestation Pit  
  95  6:52  Queen  
  96  6:59  Tunneling Claws  
  96  7:14  Burrow  
  95  7:27  Drone x4  
  95  7:28  Drone  
  100  7:35  Overseer  
  100  7:37  Pathogen Glands  
  100  7:40  Overlord x2, Hatchery  
  98  7:48  Spore Crawler  
  97  7:52  Ravager  
  97  7:53  Ravager  
  92  8:06  Roach  
  92  8:07  Roach x12  
  95  8:20  Roach x7  
  96  8:32  Drone x2  
  96  8:34  Queen x2  
  98  8:44  Infestor x2  
  98  8:45  Infestor x2  
  106  8:55  Roach x2  
  105  8:58  Spore Crawler  
  105  9:00  Infestor, Roach x2  
  105  9:01  Roach  
  105  9:02  Zergling x2  
  107  9:03  Zergling x4  
  107  9:04  Roach x2  
  109  9:17  Drone, Hatchery, Roach x2  
  109  9:18  Drone x4, Roach  
  113  9:27  Drone, Roach  
  113  9:28  Drone x2, Roach x3  
  112  9:31  Drone x2  
  112  9:32  Drone  
  112  9:34  Roach x2  
  112  9:35  Roach  
  115  9:46  Extractor x2  
  115  9:51  Drone  
  115  9:52  Drone x2  
  116  9:57  Roach x2  
  116  10:02  Overlord  
  116  10:03  Overlord x2  
  116  10:05  Overlord x3  
  116  10:06  Spore Crawler x2  
  108  10:11  Roach  
  108  10:13  Drone x2  
  108  10:14  Drone x2  
  108  10:15  Hive  
  104  10:32  Roach x4  
  112  10:39  Hatchery  
  112  10:42  Roach x4  
  113  10:54  Infestor x2, Roach x3  
  113  10:55  Infestor x2, Roach  
  118  11:05  Queen  
  118  11:08  Roach  
  118  11:09  Roach x5  
  124  11:29  Zerg Ground Armor Level 1  
  124  11:33  Ultralisk Cavern  
  124  11:36  Spine Crawler  
  124  11:38  Spine Crawler  
  121  11:40  Roach x3  
  121  11:41  Roach x5  
  137  11:53  Roach x3  
  137  11:54  Roach  
  137  12:02  Overseer  
  137  12:22  Chitinous Plating  
  135  12:24  Ultralisk x2  
  141  12:33  Ultralisk  
  147  12:46  Spine Crawler  
  147  12:47  Spore Crawler  
  147  12:50  Hatchery  
  144  12:53  Unknown x3  
  144  13:10  Roach  
  144  13:11  Roach x12  
  170  13:17  Roach x17  
  155  13:31  Roach x3  
  155  13:32  Roach x7  
  127  13:42  Drone x3  
  130  14:05  Infestor x3  
  130  14:06  Hatchery  
  130  14:09  Drone x2  
  135  14:11  Drone  
  135  14:30  Zergling x20  
  135  14:31  Zergling x4  
  147  14:35  Infestor  
  147  14:37  Infestor  
  151  14:49  Ravager x2  
  153  15:15  Roach  
  153  15:16  Roach x4  
  162  15:36  Ultralisk  
  168  16:04  Spire  
  166  16:32  Unknown  
  166  16:33  Unknown x3  
  166  16:38  Ravager  
  166  16:39  Ravager x3  
  170  16:40  Overlord x2  
  170  16:41  Overlord  
  170  16:45  Hatchery  
  165  17:20  Ravager x5  
  165  17:21  Ravager x3  
Tags
 
Add a new tag
Caveats
  • Supply blocks, unpowered buildings, or Contaminate may cause inaccurate times.
  • Supply counts are checked every 10 seconds.